 Seeded DCSS version 0.29-a0-375-g5102b3be25 (webtiles) character file.

Game seed: 13605594255664981076 (custom seed)

3528 thiscave3701365 the Cleaver (level 9, -2/82 HPs)
             Began as a Minotaur Berserker on May 3, 2022.
             Was a Priest of Trog.
             Slain by a vampire mosquito (7 damage)
             ... on level 7 of the Dungeon.
             The game lasted 00:06:52 (10098 turns).

thiscave3701365 the Cleaver (Minotaur Berserker)   Turns: 10098, Time: 00:06:53

Health: -2/82      AC: 15    Str: 27    XL:     9   Next: 82%
Magic:  8/8        EV:  8    Int:  4    God:    Trog [***...]
Gold:   308        SH:  0    Dex:  9    Spells: 8/8 levels left

rFire   . . .      SeeInvis .   a - +0 hand axe
rCold   . . .      Faith    .   (no shield)
rNeg    . . .      Spirit   .   t - +0 plate armour
rPois   .          Reflect  .   (helmet restricted)
rElec   .          Harm     .   x - +0 cloak
rCorr   .          Rampage  .   (no gloves)
Will    .....                   (no boots)
Stlth   ..........              (no amulet)
HPRegen 0.23/turn               (no ring)
MPRegen 0.11/turn               (no ring)

@: on berserk cooldown, slowed, very slow
A: horns 2, retaliatory headbutt
a: Renounce Religion, Berserk, Trog's Hand


You were on level 7 of the Dungeon.
You worshipped Trog.
Trog was most pleased with you.
You visited 1 branch of the dungeon, and saw 7 of its levels.
You also visited: Ossuary.

You collected 308 gold pieces.

Inventory:

Hand Weapons
 a - a +0 hand axe (weapon)
Missiles
 i - a throwing net
Armour
 t - a +0 plate armour (worn)
 x - a +0 cloak (worn)
Jewellery
 r - a ring of protection from cold
Wands
 e - a wand of charming (10)
 g - a wand of digging (3)
 s - a wand of polymorph (4)
Scrolls
 b - 3 scrolls of identify
 d - a scroll of poison
 h - a scroll of fog
 o - a scroll of noise {unknown}
 q - a scroll of fear {unknown}
 v - a scroll of teleportation
 y - a scroll of magic mapping {unknown}
Potions
 c - a potion of brilliance
 f - 4 potions of haste
 j - a potion of flight
 k - 3 potions of heal wounds {unknown}
 l - a potion of might
 m - a potion of ambrosia
 n - a potion of magic {unknown}
 p - 3 potions of mutation {unknown}
 u - 3 potions of lignification {unknown}
 w - 3 potions of curing {unknown}
 z - 2 potions of degeneration {unknown}


   Skills:
 + Level 8.6 Fighting
 + Level 11.4 Axes
 + Level 9.7 Armour
 + Level 3.8 Dodging
 + Level 1.4 Stealth


You had 8 spell levels left.
You didn't know any spells.
Your spell library was empty.

Dungeon Overview and Level Annotations

Branches:
Dungeon (7/15)             Temple (0/1) D:4         Ossuary (visited)

Altars:
Ashenzari
Cheibriados
Gozag
Makhleb
Nemelex Xobeh
Okawaru
Uskayaw

Shops:
D:6 !


Innate Abilities, Weirdness & Mutations

You have a pair of horns on your head.
You reflexively headbutt those who attack you in melee.


Message History

The centaur kicks you but does no damage.
You barely miss the centaur.
The centaur is moderately wounded.
You hit the vampire mosquito but do no damage.
The vampire mosquito bites you but does no damage.
The centaur hits you but does no damage.
The centaur barely misses you.
The vampire mosquito bites you but does no damage.
You slash the centaur! Your headbutt misses the centaur.
The centaur is severely wounded.
You barely miss the vampire mosquito.
The vampire mosquito bites you but does no damage.
The centaur misses you.
The centaur kicks you but does no damage.
The vampire mosquito bites you.
* * * LOW HITPOINT WARNING * * *
The vampire mosquito draws strength from your injuries!
The centaur hits you.
* * * LOW HITPOINT WARNING * * *
The centaur kicks you but does no damage.
You miss the vampire mosquito.
Your headbutt misses the vampire mosquito.
The vampire mosquito is moderately damaged.
You hit the centaur.
You kill the centaur!
Trog accepts your kill. The vampire mosquito bites you.
* * * LOW HITPOINT WARNING * * *
The vampire mosquito draws strength from your injuries!
The vampire mosquito bites you.
* * * LOW HITPOINT WARNING * * *
The vampire mosquito draws strength from your injuries!
You closely miss the vampire mosquito. You headbutt the vampire mosquito.
The vampire mosquito is lightly damaged.
The vampire mosquito barely misses you.
The vampire mosquito bites you but does no damage.
You slash the vampire mosquito!
The vampire mosquito is heavily damaged.
The vampire mosquito bites you!
You die...

#... #...# ##....#
#....# ........
.....+ #.....#
.....#
#.....####.....#.
#........#)......
#........@y......
.#..$).........
#...))........
#...))........
####....)#.######
##.....#.##.#
#....).#.....
####......#..#...
#.................


You could see a vampire mosquito.

Vanquished Creatures
  A cyclops (D:6)
  A troll (D:7)
  A hornet (D:6)
  A yak (D:7)
  2 water moccasins (D:6)
  3 ice beasts
  2 black bears
  3 ogres
  A centaur (D:7)
  3 phantoms
  2 kobold brigands (D:7)
  2 elf zombies (Ossuary)
  2 necrophages (D:5)
  2 scorpions (D:6)
  A centaur zombie (Ossuary)
  A hound (D:5)
  A human zombie (Ossuary)
  A jelly (D:6)
  2 orc priests (D:4)
  2 gnoll shamans
  An iguana (D:3)
  4 orc wizards
  3 mummies
  17 gnolls
  9 adders
  A shadow imp (D:7)
  2 white imps (D:7)
  2 ufetubi
  An adder zombie (Ossuary)
  A worm (D:5)
  26 orcs
  4 endoplasms
  3 giant cockroaches
  8 goblins
  4 hobgoblins
  3 jackals (D:1)
  A quokka (D:4)
  10 ball pythons
  A bat (D:3)
  3 frilled lizards
  A goblin zombie (Ossuary)
  11 hobgoblin zombies (Ossuary)
  7 kobolds
  9 kobold zombies (Ossuary)
  6 orc zombies (Ossuary)
  7 rats
  4 rat zombies (Ossuary)
183 creatures vanquished.

Notes
Turn   | Place    | Note
-------+----------+-------------------------------------------
     0 | D:1      | thiscave3701365 the Minotaur Berserker began the quest for
                  | the Orb.
     0 | D:1      | Reached XP level 1. HP: 19/19 MP: 0/0
   375 | D:1      | Found a faded altar of an unknown god.
   436 | D:1      | Reached XP level 2. HP: 25/27 MP: 1/1
   562 | D:1      | Reached skill level 4 in Axes
   964 | D:2      | Reached XP level 3. HP: 33/33 MP: 2/2
  1167 | D:2      | Reached XP level 4. HP: 41/41 MP: 3/3
  1915 | D:3      | Reached ** piety under Trog
  1920 | D:3      | Reached skill level 5 in Axes
  2274 | D:3      | Found a burning altar of Makhleb.
  2274 | D:3      | Found a hide-covered altar of Uskayaw.
  2458 | D:3      | Reached XP level 5. HP: 47/47 MP: 4/4
  3603 | D:4      | Found a snail-covered altar of Cheibriados.
  3627 | D:4      | Reached skill level 5 in Fighting
  3853 | D:4      | Found an iron altar of Okawaru.
  3958 | D:4      | Reached skill level 6 in Axes
  3958 | D:4      | Reached XP level 6. HP: 56/56 MP: 5/5
  4913 | D:4      | Found an opulent altar of Gozag.
  4918 | D:4      | Found a sparkling altar of Nemelex Xobeh.
  4973 | D:4      | Found a staircase to the Ecumenical Temple.
  5237 | D:5      | Entered Level 5 of the Dungeon
  5404 | D:5      | Reached XP level 7. HP: 62/62 MP: 6/6
  5691 | D:5      | Reached skill level 5 in Armour
  6066 | D:5      | Reached skill level 7 in Axes
  6577 | D:5      | Reached skill level 8 in Axes
  6577 | D:5      | Reached XP level 8. HP: 71/71 MP: 7/7
  6744 | D:5      | Found a broken altar of Ashenzari.
  6973 | D:5      | Reached skill level 1 in Stealth
  7244 | D:6      | Noticed a hornet
  7253 | D:6      | Paralysed by a hornet for 3 turns
  7259 | D:6      | Killed a hornet
  7905 | D:6      | Noticed a cyclops
  7911 | D:6      | Killed a cyclops
  7912 | D:6      | Reached skill level 9 in Axes
  7924 | D:6      | Reached XP level 9. HP: 79/79 MP: 8/8
  8155 | D:6      | Reached skill level 10 in Axes
  8754 | D:6      | Found Yssic's Distillery.
  9199 | D:7      | Noticed a troll
  9205 | D:7      | Killed a troll
  9752 | D:7      | Found a sand-covered staircase.
  9763 | Ossuary  | Entered an ossuary
  9826 | Ossuary  | Reached *** piety under Trog
  9851 | Ossuary  | Reached skill level 11 in Axes
 10098 | D:7      | Slain by a vampire mosquito

Illustrated notes

Levels and vault maps discovered:
D:1:      wander_arrival_lonely_grave, layout_basic,
          ebering_ecumenical_altar_rust
D:2:      layout_basic, minmay_misc_feat_tower, grunt_decor_mini_mirrors
D:3:      layout_basic, mainiacjoe_overflow_divided_tiny
D:4:      layout_loops_ring, grunt_temple_overflow_opulence,
          general_overflow_altar, mainiacjoe_overflow_24_doors, temple_doors_ab
D:5:      layout_basic, mainiacjoe_overflow_paths
D:6:      layout_basic, serial_shops, nicolae_shop_behind_doors,
          minmay_increasing_density
D:7:      layout_basic, nicolae_ossuary_entry_giza, minmay_manual_mess

Skill      XL: |  1  2  3  4  5  6  7  8  9 |
---------------+----------------------------+-----
Fighting       | 4 5 6 7 8 |  8.6
Axes           | 4 5 6 8 9 11 | 11.4
Armour         | 3 4 6 8 9 |  9.7
Dodging        | 3 |  3.8
Stealth        | 1 |  1.4

Action                   |  1- 3 |  4- 6 |  7- 9 || total
-------------------------+-------+-------+-------++-------
Melee: Hand axe          |    49 |   132 |   268 ||   449
       Headbutt          |     7 |    20 |    44 ||    71
       Punch             |       |       |     1 ||     1
Invok: Berserk           |     2 |    11 |    15 ||    28
  Use: Scroll            |       |    12 |       ||    12
Armor: Animal skin       |     8 |       |       ||     8
       Scale mail        |     4 |    11 |       ||    15
       Chain mail        |       |    41 |    45 ||    86
       Plate armour      |       |       |   140 ||   140
Dodge: Dodged            |    29 |    53 |   114 ||   196

Table legend: (Time is in decaauts)
 A = Elapsed time spent in this place.
 B = Non-inter-level travel time spent in this place.
 C = Inter-level travel time spent in this place.
 D = Time resting spent in this place.
 E = Time spent auto-exploring this place.
 F = Levels seen in this place.
 G = Mean time per level.
                   A        B        C        D        E       F      G
               +--------+--------+--------+--------+--------+-----+--------+
         Total |  10333 |   9997 |    336 |   4426 |   4604 |   8 | 1291.6 |
       Dungeon |  10091 |   9755 |    336 |   4380 |   4504 |   7 | 1441.6 |
       Ossuary |    241 |    241 |      0 |     45 |    100 |   1 |  241.0 |
               +--------+--------+--------+--------+--------+-----+--------+

Top non-repeatable levels by time:
     D:6: 2552 daAuts
     D:5: 2035 daAuts
     D:3: 1961 daAuts
     D:4: 1452 daAuts
     D:2: 1105 daAuts
     D:1: 841 daAuts
 Ossuary: 241 daAuts
     D:7: 143 daAuts
